 Dungeon Crawl Stone Soup version 0.29.1-15-g9cfb28693d (webtiles) character file.

Game seed: 14766634604907275312

44 Ast3rio the Shield-Bearer (level 3, -3/30 HPs)
             Began as a Formicid Fighter on Mar 28, 2023.
             Slain by an ogre
             ... wielding a +0 giant club
              (29 damage)
             ... on level 3 of the Dungeon.
             The game lasted 00:01:58 (1662 turns).

Ast3rio the Shield-Bearer (Formicid Fighter)        Turns: 1662, Time: 00:01:59

Health: -3/30      AC:  7    Str: 22    XL:     3   Next: 85%
Magic:  3/3        EV:  9    Int:  7    God:
Gold:   47         SH:  5    Dex: 13    Spells: 2/2 levels left

rFire   . . .      SeeInvis +   a - +0 rapier
rCold   . . .      Faith    .   c - +0 buckler
rNeg    . . .      Spirit   .   b - +0 scale mail
rPois   .          Reflect  .   (helmet unavailable)
rElec   .          Harm     .   (no cloak)
rCorr   .          Rampage  .   (no gloves)
Will    .....                   (no boots)
Stlth   ..........              (no amulet)
HPRegen 0.10/turn               (no ring)
MPRegen 0.08/turn               (no ring)

@: no status effects
A: permanent stasis, dig shafts and tunnels, antennae 3, four strong arms
a: Dig, Shaft Self


You were on level 3 of the Dungeon.
You visited 1 branch of the dungeon, and saw 3 of its levels.

You collected 47 gold pieces.

Inventory:

Hand Weapons
 a - a +0 rapier (weapon)
Missiles
 k - 2 throwing nets
Armour
 b - a +0 scale mail (worn)
 c - a +0 buckler (worn)
Jewellery
 h - a ring of poison resistance
Wands
 r - a wand of polymorph (8)
Scrolls
 e - 3 scrolls of identify {unknown}
 f - a scroll of torment {unknown}
 g - 2 scrolls of fear {unknown}
 l - 2 scrolls of vulnerability {unknown}
 m - a scroll of blinking {unknown}
 n - a scroll of summoning {unknown}
 o - 2 scrolls of teleportation {unknown}
 q - a scroll of noise {unknown}
Potions
 d - a potion of might
 i - a potion of heal wounds {unknown}
 j - 2 potions of curing {unknown}
 p - 2 potions of resistance {unknown}


   Skills:
 + Level 3.7 Fighting
 + Level 2.5 Short Blades
 + Level 3.8 Armour
 + Level 0.2 Stealth
 + Level 4.4 Shields


You had 2 spell levels left.
You didn't know any spells.
Your spell library contained the following spells:

 Spells                   Type           Power      Damage    Failure   Level
 Magic Dart               Conj           0%         1d3       82%         1
 Call Imp                 Summ           0%         N/A       91%         2
 Dazzling Flash           Conj/Hex       0%         N/A       99%         3
 Mephitic Cloud           Conj/Pois/Air  0%         N/A       99%         3
 Iskenderun's Mystic Bla  Conj/Tloc      0%         2d3       100%        4
 Olgreb's Toxic Radiance  Pois           0%         N/A       100%        4
 Starburst                Conj/Fire      0%         6d3       100%        6
 Ozocubu's Refrigeration  Ice            0%         4d7       100%        7
 Ignition                 Fire           0%         3d3       100%        8


Dungeon Overview and Level Annotations

Branches:
Dungeon (3/15)

Altars:

Shops:
D:2 (


Innate Abilities, Weirdness & Mutations

You cannot be hasted, slowed, berserked, paralysed or teleported.
You can dig through walls and to a lower floor.
You have a pair of large antennae on your head. (SInv)
Your four strong arms can wield two-handed weapons with a shield.


Message History

No target in view!
No target in view!
No target in view!
An orc comes into view. It is wielding a +0 hand axe.
The orc shouts!
You hear a shout!
An orc comes into view. It is wielding a +0 flail.
You hear an angry hiss.
You see here a green potion.
There are monsters nearby!
There are monsters nearby!
An ogre comes into view. It is wielding a +0 giant club.
Found a club.
The ogre shouts!
You block the orc's attack.
You puncture the orc!
You kill the orc!
You barely miss the orc. The orc completely misses you.
You closely miss the orc. The orc hits you with a +0 flail.
You closely miss the orc. You block the orc's attack.
You hit the orc.
The orc is lightly wounded.
You block the orc's attack.
You completely miss the orc.
The orc is lightly wounded.
The orc hits you with a +0 flail.
You hit the orc.
The orc is heavily wounded.
The orc hits you but does no damage.
You hit the orc.
The orc is almost dead.
The orc barely misses you.
You barely miss the orc.
The orc is almost dead.
The ogre closely misses you. The orc barely misses you.
You barely miss the orc.
The orc is almost dead.
The orc hits you with a +0 flail.
The ogre hits you with a +0 giant club!!
Ouch! That really hurt!
You die...

.... . #..
##..#. ## O#
#... ..... .##.#
#... ...#.#.#..
....###.##.#..#
.###........#.#
......##.###.#
..!.......!.O#
..........##@# .
.####.#.#.###o#
... #.#.#.# #.#
.#..####.#.#.#
#..
...........#.##
#.#
#..##...........
.#
#..#.)......####
# #.(#..#.##..#
#.#..#..#.##..#


You could see an ogre and an orc.

Vanquished Creatures
  A dart slug (D:2)
  An orc (D:3)
  3 ball pythons
  4 bats
  An endoplasm (D:1)
  A giant cockroach (D:3)
  4 goblins
  7 hobgoblins
  3 quokkas
  6 frilled lizards (D:1)
  2 kobolds
  4 rats
37 creatures vanquished.

Notes
Turn   | Place    | Note
-------+----------+-------------------------------------------
     0 | D:1      | Ast3rio the Formicid Fighter began the quest for the Orb.
     0 | D:1      | Reached XP level 1. HP: 18/18 MP: 1/1
    30 | D:1      | Reached XP level 2. HP: 23/24 MP: 2/2
   282 | D:1      | Found a faded altar of an unknown god.
   463 | D:1      | Reached XP level 3. HP: 29/29 MP: 3/3
   982 | D:2      | Found Syuxuk's Antique Weapon Shop.
  1651 | D:3      | Noticed an ogre
  1662 | D:3      | Slain by an ogre

Illustrated notes

Levels and vault maps discovered:
D:1:      minmay_arrival_glassed_features, layout_basic,
          dreamdust_ecumenical_altar_statues, minivault_5, minmay_lizard_pond
D:2:      layout_loops_ring, serial_shops, nicolae_shop_trees
D:3:      layout_loops_ring, hangedman_decor_clover_reticule

Action                   || total
-------------------------++-------
Melee: Rapier            ||   144
Armor: Scale mail        ||    68
Dodge: Dodged            ||    68
Block: Buckler           ||    29
